 Dungeon Crawl Stone Soup version 0.28.0-45-g0d030f2227 (webtiles) character file.

Game seed: 9992365811859849532

2 101zpm the Chiller (level 1, 0/14 HPs)
             Began as a Draconian Ice Elementalist on Apr 17, 2022.
             Frozen to death by an endoplasm (5 damage)
             ... on level 1 of the Dungeon.
             The game lasted 00:00:45 (88 turns).

101zpm the Chiller (Draconian Ice Elementalist)       Turns: 88, Time: 00:00:46

Health: 0/14       AC:  4    Str: 10    XL:     1   Next: 33%
Magic:  0/3        EV: 12    Int: 15    God:
Gold:   8          SH:  0    Dex: 11    Spells: 3/4 levels left

rFire   . . .      SeeInvis .   (no weapon)
rCold   . . .      Faith    .   (no shield)
rNeg    . . .      Spirit   .   (armour unavailable)
rPois   .          Reflect  .   (helmet restricted)
rElec   .          Harm     .   (no cloak)
rCorr   .          Rampage  .   (no gloves)
Will    .....                   (no boots)
Stlth   ++........              (no amulet)
HPRegen 0.04/turn               (no ring)
MPRegen 0.08/turn               (no ring)

@: no status effects
A: AC +4, unfitting armour, cold-blooded
a: no special abilities


You were on level 1 of the Dungeon.
You visited 1 branch of the dungeon, and saw 2 of its levels.

You collected 8 gold pieces.

Inventory:

Missiles
 a - 20 stones


   Skills:
 + Level 1.7 Dodging
 + Level 1.7 Stealth
 + Level 2.1 Spellcasting
 + Level 4.0 Ice Magic


You had 3 spell levels left.
You knew the following spells:

 Your Spells              Type           Power      Damage    Failure   Level
a - Freeze                Ice            52%        1d7       4%          1

Your spell library contained the following spells:

 Spells                   Type           Power      Damage    Failure   Level
 Frozen Ramparts          Ice            26%        1d4       12%         3
 Ozocubu's Armour         Ice            13%        N/A       12%         3
 Hailstorm                Conj/Ice       7%         3d4       67%         4


Dungeon Overview and Level Annotations

Branches:
Dungeon (2/15)

Altars:


Innate Abilities, Weirdness & Mutations

Your plain brown scales are hard. (AC +4)
You cannot fit into any form of body armour.
You are cold-blooded and may be slowed by cold attacks.


Message History

You freeze the jackal.
The jackal is severely wounded.
The jackal bites you but does no damage. x2
The jackal misses you. The jackal barely misses you.
You see here a jackal corpse.
The jackal misses you. The jackal closely misses you.
The jackal closely misses you. x2
The jackal bites you but does no damage.
The jackal bites you.
There is an escape hatch in the floor here.
The jackal barely misses you. The jackal misses you.
The jackal bites you but does no damage.
The jackal bites you.
You slide downwards.
The hatch slams shut behind you.
Found a runed hand axe.
Found a stone staircase leading down and a stone staircase leading up.
Found 4 gold pieces.
The jackal closely misses you. The jackal barely misses you.
Found a dagger.
The jackal misses you.
There is a stone staircase leading up here.
You climb upwards.
The endoplasm quivers.
Found a runed cloak.
There is a stone staircase leading down here.
Aiming: Freeze (safe; 4% risk of failure)
Press: ? - help, Q - select action, (/) - cycle Shift-Dir - straight line, f - jackal
Aim: a jackal (severely wounded)
You freeze the jackal.
You kill the jackal!
The endoplasm jiggles.
The endoplasm freezes you.
You are frozen.
You don't have enough magic to cast this spell.
You don't have enough magic to cast this spell.
You hit the endoplasm but do no damage. The endoplasm closely misses you.
You hit the endoplasm but do no damage. The endoplasm freezes you.
You are frozen.
You die...

........ #.......
#.......
######.......
.......... #......
###.#####.#.####
.....[.@J..>†..#
#..........#.......
#.#...#.#..#.......
#.......#..........
#....#..#..####+###
#.#..#..#..# #
.........#####
####..........#
########
#.....>....#


You could see an endoplasm.

Vanquished Creatures
  2 jackals (D:1)
2 creatures vanquished.

Notes
Turn   | Place    | Note
-------+----------+-------------------------------------------
     0 | D:1      | 101zpm the Draconian Ice Elementalist began the quest for
                  | the Orb.
     0 | D:1      | Reached XP level 1. HP: 14/14 MP: 3/3
    88 | D:1      | Frozen to death by an endoplasm

Illustrated notes

Levels and vault maps discovered:
D:1:      dpeg_arrival_snail, layout_basic,
          shapermc_ecumenical_altar_notcrosses, serial_park_tiny_2
D:2:      layout_loops_cross, serial_shops, nicolae_shop_trees,
          nicolae_shop_advertising_works [nicolae_subvault_shop_adworks], shop

Action                   || total
-------------------------++-------
Melee: Unarmed           ||     2
 Cast: Freeze            ||     4
Armor: Skin              ||     4
Dodge: Dodged            ||    14
